 Dungeon Crawl Stone Soup version 0.31-a0-145-g046c7d2549 (webtiles) character file.

Game seed: 8346358206619295939

641 Irreverend the Grave Robber (level 7, 0/46 HPs)
             Began as a Vampire Necromancer on June 6, 2023.
             Slain by a wyvern (11 damage)
             ... on level 5 of the Dungeon.
             The game lasted 00:11:52 (4462 turns).

Irreverend the Grave Robber (Vampire Necromancer)   Turns: 4462, Time: 00:11:52

Health: 0/46       AC:  8    Str:  7    XL:     7   Next: 26%
Magic:  9/13       EV: 13    Int: 20    God:
Gold:   185        SH:  0    Dex: 14    Spells: 6/14 levels left

rFire   + . .        n - +2 dagger (venom)
rCold   . . .        (no shield)
rNeg    . . .        o - +1 leather armour of Fresh Life {rF+ rCorr Stlth+}
rPois   +            (no helmet)
rElec   .            (no cloak)
rCorr   +            (no gloves)
SInv    +            (no boots)
Will    .....        (no amulet)
Stlth   +++          h - +4 ring of protection
HPRegen 0.47/turn    j - ring of poison resistance
MPRegen 0.13/turn

%: no passive effects
@: weak-willed, very slightly contaminated, healing quickly
A: alive, fangs 3, see invisible, vampiric 2
a: Exsanguinate


You were on level 5 of the Dungeon.
You visited 1 branch of the dungeon, and saw 5 of its levels.

You collected 185 gold pieces.

Inventory:

Hand Weapons
 c - a +0 short sword of electrocution
 n - a +2 dagger of venom (weapon)
Armour
 a - a +0 robe
 k - a +0 robe of positive energy
 o - the +1 leather armour of Fresh Life (worn) {rF+ rCorr Stlth+}
   (You found it on level 3 of the Dungeon)

   rF:        It protects you from fire.
   rCorr:     It protects you from acid and corrosion.
   Stlth:     It makes you more stealthy.
Jewellery
 h - a +4 ring of protection (left hand)
 j - a ring of poison resistance (right hand)
Wands
 r - a wand of flame (19)
Scrolls
 d - 2 scrolls of immolation {unknown}
 e - a scroll of blinking {unknown}
 f - a scroll of brand weapon
 i - a scroll of vulnerability
 q - 2 scrolls of identify {unknown}
 s - a scroll of enchant armour {unknown}
Potions
 b - a potion of magic
 g - a potion of lignification {unknown}
 l - a potion of resistance {unknown}
 m - a potion of invisibility {unknown}
 p - a potion of ambrosia {unknown}


   Skills:
 + Level 5.4 Dodging
 - Level 3.4 Stealth
 + Level 4.4 Spellcasting
 + Level 6.6 Necromancy


You had 6 spell levels left.
You knew the following spells:

 Your Spells              Type           Power      Damage    Failure   Level
a - Necrotise             Necr           100%       1d9       1%          1
b - Vampiric Draining     Necr           31%        2d8       3%          3
c - Animate Dead          Necr           31%        N/A       12%         4

Your spell library contained the following spells:

 Spells                   Type           Power      Damage    Failure   Level
 Agony                    Necr           31%        N/A       32%         5


Dungeon Overview and Level Annotations

Branches:
Dungeon (5/15)
 Temple: D:4-7

Altars:
Ru
Uskayaw

Shops:
D:4 ?


Innate Abilities, Weirdness & Mutations

Your natural rate of healing is accelerated.
You have razor-sharp teeth.
You have supernaturally acute eyesight. (SInv)
You are afflicted with vampirism and can become a bat while bloodless.


Message History

You hit the phantom but do no damage.
The phantom is almost destroyed.
The phantom barely misses you.
You barely miss the phantom. You bite the phantom.
You destroy the phantom!
You hit the wyvern but do no damage. You punch the wyvern, but do no damage.
The wyvern bites you.
You hit the wyvern but do no damage.
The wyvern is poisoned.
The wyvern bites you! The wyvern completely misses you.
You are too injured to fight recklessly!
You are too injured to fight recklessly!
You are too injured to fight recklessly!
You are too injured to fight recklessly!
Casting: Necrotise (safe; 1% risk of failure)
Confirm with . or Enter, or press ? or * to list all spells.
Aiming: Necrotise (safe; 1% risk of failure)
Press: ? - help, Shift-Dir - straight line, f - wyvern
Aim: a wyvern (lightly wounded, very poisoned, chance to affect: 83%)
You miscast Necrotise.
You are very lightly contaminated with residual magic.
Nothing appears to happen.
The wyvern closely misses you.
As you read the scroll labelled WAN GESOSHRUOSCH, it crumbles to dust.
It is a scroll of brand weapon.
Your +0 short sword crackles with electricity.
c - a +0 short sword of electrocution The wyvern closely misses you.
The ufetubus closely misses you. The ufetubus misses you. The wyvern bites you!
* * * LOW HITPOINT WARNING * * *
As you read the scroll labelled URIKAWUOGH, it crumbles to dust.
Magic quickly surges around you.
It was a scroll of vulnerability.
The ufetubus closely misses you. The ufetubus misses you.
The wyvern misses you. The ufetubus barely misses you. The ufetubus misses you.
Casting: Necrotise (safe; 1% risk of failure)
Confirm with . or Enter, or press ? or * to list all spells.
Aiming: Vampiric Draining (dangerous; 3% risk of failure)
Press: ? - help, Shift-Dir - straight line, f/p - wyvern
Aim: a wyvern (lightly wounded, very poisoned, weak-willed)
You draw life force from the wyvern!
You feel life coursing into your body! The wyvern bites you!
You die...

##.......#..................
#....... #.#####.###...#....
#....###.# #.# #..#.#...
#........# #.###...#...#
#....##.##### #..........#.
#.. #.####### ###.#.#.#.#..
#.!####.......#####.#........
#...$......5..##....##....#.#
.....##....l@.##.##.###......
... ..........##....#.##..#..
. .#.......##..###.###....
..##......##......# ###.. 5~
#......###.##### ##. ..~
###...####.# #. .~.
#.........# ## #.#.####### #
#.#.# #####


You could see a wyvern (poisoned, weak-willed) and an ufetubus (weak-willed).

Vanquished Creatures
  Eustachio (D:4)
  A phantom (D:5)
  A scorpion (D:4)
  A hound (D:4)
  2 orc wizards
  An iguana (D:3)
  Natasha (thrice) (D:4)
  4 gnolls (D:4)
  4 adders
  A white imp (D:3)
  6 dart slugs
  6 orcs
  8 endoplasms
  3 giant cockroaches
  4 goblins
  7 hobgoblins
  2 jackals (D:2)
  10 kobolds
  7 quokkas
  7 ball pythons
  4 bats
  3 frilled lizards
  6 rats
92 creatures vanquished.

Vanquished Creatures (collateral kills)
  2 endoplasms (D:1)
  A giant cockroach (D:1)
  A hobgoblin (D:1)
  A ball python (D:2)
5 creatures vanquished.

Grand Total: 97 creatures vanquished

Notes
Turn   | Place    | Note
-------+----------+-------------------------------------------
     0 | D:1      | Irreverend the Vampire Necromancer began the quest for the
                  | Orb.
     0 | D:1      | Reached XP level 1. HP: 13/13 MP: 3/3
   159 | D:1      | Reached XP level 2. HP: 19/19 MP: 1/5
   845 | D:1      | Gained mutation: You are afflicted with vampirism and can
                  | become a bat while bloodless. [Vampire growth]
   845 | D:1      | Reached XP level 3. HP: 22/24 MP: 2/6
  1914 | D:2      | Reached skill level 5 in Necromancy
  1914 | D:2      | Reached XP level 4. HP: 30/30 MP: 3/8
  2327 | D:2      | Learned a level 3 spell: Vampiric Draining
  2332 | D:2      | Learned a level 4 spell: Animate Dead
  2465 | D:3      | Found a hide-covered altar of Uskayaw.
  2786 | D:3      | Reached XP level 5. HP: 35/35 MP: 0/9
  2786 | D:3      | Found a sacrificial altar of Ru.
  2905 | D:3      | Identified the +1 leather armour of Fresh Life {rF+ rCorr
                  | Stlth+}
  3501 | D:4      | Reached XP level 6. HP: 37/41 MP: 3/11
  3663 | D:4      | Noticed Natasha
  3669 | D:4      | Killed Natasha
  3670 | D:4      | Reached skill level 6 in Necromancy
  3743 | D:4      | Noticed Natasha
  3751 | D:4      | Killed Natasha
  3879 | D:4      | Noticed Natasha
  3889 | D:4      | Killed Natasha
  3971 | D:4      | Noticed Eustachio
  4129 | D:4      | Found Satiqego's Magic Scroll Shoppe.
  4230 | D:4      | Killed Eustachio
  4231 | D:4      | Reached skill level 5 in Dodging
  4231 | D:4      | Reached XP level 7. HP: 32/46 MP: 7/13
  4304 | D:5      | Entered Level 5 of the Dungeon
  4450 | D:5      | Noticed a wyvern
  4462 | D:5      | Slain by a wyvern

Illustrated notes

Levels and vault maps discovered:
D:1:      nzn_arrival_crosshair, layout_basic
D:2:      layout_basic, minmay_pentomino_z2
D:3:      layout_loops_ring, nicolae_uskayaw_dance_hall,
          nicolae_ru_great_annihilating_truth, elyvilon_altar_4
D:4:      layout_basic, zin_academy, serial_shops, nicolae_shop_rolled_up,
          minmay_misc_feat_alley, uniq_natasha, uniq_eustachio
D:5:      cheibrodos_helix_gallery, layout_loops_cross,
          minmay_temple_entry_wispy, hangedman_decor_opposing, uniq_grinder

Skill      XL: |  1  2  3  4  5  6 |
---------------+-------------------+-----
Dodging        | 3 4 5 |  5.4
Necromancy     | 5 6 |  6.6
Spellcasting   | 3 4 |  4.4
Stealth        | |  3.4

Action                     |  1- 3 |  4- 6 |  7- 9 || total
---------------------------+-------+-------+-------++-------
  Melee: Unarmed           |     6 |       |       ||     6
         Short sword       |     1 |     9 |       ||    10
         Bite              |       |     5 |     5 ||    10
         Dagger            |       |    28 |    36 ||    64
         Punch             |       |       |     1 ||     1
   Cast: Necrotise         |    72 |    97 |       ||   169
         Vampiric Draining |       |       |     1 ||     1
    Use: Scroll            |       |       |     2 ||     2
 Armour: Robe              |     3 |     5 |       ||     8
         Leather armour    |       |     9 |    10 ||    19
  Dodge: Dodged            |    11 |    38 |    25 ||    74

Table legend: (Time is in decaauts)
 A = Elapsed time spent in this place.
 B = Non-inter-level travel time spent in this place.
 C = Inter-level travel time spent in this place.
 D = Time resting spent in this place.
 E = Time spent auto-exploring this place.
 F = Levels seen in this place.
 G = Mean time per level.
                   A        B        C        D        E       F      G
               +--------+--------+--------+--------+--------+-----+--------+
         Total |   4458 |   4345 |    113 |    487 |   3091 |   5 |  891.6 |
       Dungeon |   4458 |   4345 |    113 |    487 |   3091 |   5 |  891.6 |
               +--------+--------+--------+--------+--------+-----+--------+

Top non-repeatable levels by time:
     D:1: 1518 daAuts
     D:3: 1029 daAuts
     D:4: 883 daAuts
     D:2: 869 daAuts
     D:5: 157 daAuts
